 Dungeon Crawl Stone Soup version 0.24.0-123-gd5b16e6ec5 (webtiles) character file.

Game seed: 12577106596691117505, levelgen mode: deterministic

309 Elellon the Cleaver (level 6, -3/51 HPs)
             Began as a Hill Orc Fighter on Jan 19, 2020.
             Killed from afar by an orc wizard (5 damage)
             ... with a magic dart
             ... on level 4 of the Dungeon.
             The game lasted 00:02:55 (2314 turns).

Elellon the Cleaver (Hill Orc Fighter)              Turns: 2314, Time: 00:02:56

Health: -3/51      AC:  9    Str: 21    XL:     6   Next: 41%
Magic:  6/6        EV:  7    Int:  8    God:
Gold:   135        SH:  9    Dex: 10    Spells: 5/5 levels left

rFire    . . .     SeeInvis .   a - +0 war axe
rCold    . . .     Gourm    .   c - +0 shield
rNeg     . . .     Faith    .   b - +0 scale mail
rPois    .         Spirit   .   z - +0 helmet
rElec    .         Reflect  .   y - +0 cloak
rCorr    .         Harm     .   (no gloves)
MR       .....                  (no boots)
Stlth    ..........             (no amulet)
HPRegen  0.17/turn              (no ring)
MPRegen  0.10/turn              (no ring)

@: no status effects
A: no striking features
a: no special abilities


You were on level 4 of the Dungeon.
You were hungry.

You visited 1 branch of the dungeon, and saw 4 of its levels.

You collected 135 gold pieces.

Inventory:

Hand Weapons
 a - a +0 war axe (weapon)
Armour
 b - a +0 scale mail (worn)
 c - a +0 shield (worn)
 y - a +0 cloak (worn)
 z - a +0 helmet (worn)
Jewellery
 q - an uncursed ring of protection from fire {unknown}
 s - an uncursed ring of resist corrosion {unknown}
 u - an uncursed amulet of the acrobat {unknown}
 A - an uncursed ring of protection from cold {unknown}
Scrolls
 h - 5 scrolls of teleportation {unknown}
 k - 2 scrolls of blinking {unknown}
 l - 2 scrolls of magic mapping {unknown}
 m - 3 scrolls of identify {unknown}
 o - a scroll of fog {unknown}
 r - a scroll of remove curse {unknown}
 t - 2 scrolls of enchant armour {unknown}
 v - a scroll of enchant weapon {unknown}
 w - a scroll of fear {unknown}
Potions
 d - 2 potions of might
 e - 2 potions of invisibility {unknown}
 g - a potion of brilliance {unknown}
 i - a potion of haste {unknown}
 j - 3 potions of agility {unknown}
 n - 2 potions of flight {unknown}
 p - 2 potions of mutation {unknown}
 x - a potion of heal wounds {unknown}
 B - a potion of curing {unknown}
Comestibles
 f - 5 rations


   Skills:
 - Level 3.6 Fighting
 + Level 8.7 Axes
 - Level 3.2 Armour
 - Level 3.2 Shields


You had 5 spell levels left.
You didn't know any spells.
Your spell library was empty.

Dungeon Overview and Level Annotations

Branches:
Dungeon (4/15)
 Temple: D:4-7

Altars:
Ashenzari
Hepliaklqana
Kikubaaqudgha

Annotations:
D:3 1 runed translucent door, Alannah's ghost, amateur DsHu


Message History

The magic dart hits you.
* * * LOW HITPOINT WARNING * * *
Unknown command.
Something hits you but does no damage.
The orc wizard hits you but does no damage.
You block something's attack.
Things that are here:
a +0 flail; a +0 mace; an orc corpse You hit something.
You hit the orc wizard.
The orc wizard hits you but does no damage.
Something hits you.
* * * LOW HITPOINT WARNING * * *
You barely miss the orc wizard.
The orc wizard is moderately wounded.
You closely miss something. You block something's attack.
The orc wizard casts a spell at you. You resist with some effort.
Something hits you but does no damage.
The orc wizard points at you and mumbles some strange words.
The magic dart hits you.
You die...

##....#####.#
#..........#
#.#.######## #.#.#
#.#.# #.#.# ###.#.#
#...#.#########
#.#..o@{o.....#
..........#####...#
#####.##### ..# #.
..o #. .o. #. .. #.
#


You could see an orc wizard and an orc.

Vanquished Creatures
  An ogre (D:4)
  A bullfrog (D:3)
  2 orc priests (D:4)
  5 adders
  2 worms
  2 dart slugs (D:1)
  A leopard gecko (D:3)
  An orc (D:3)
  2 giant cockroaches
  5 hobgoblins
  4 jackals
  5 kobolds
  A ball python (D:3)
  4 bats
  3 frilled lizards
  5 goblins
  9 rats
53 creatures vanquished.

Notes
Turn   | Place    | Note
-------+----------+-------------------------------------------
     0 | D:1      | Elellon the Hill Orc Fighter began the quest for the Orb.
     0 | D:1      | Reached XP level 1. HP: 19/19 MP: 1/1
   100 | D:1      | Reached skill level 3 in Axes
   144 | D:1      | Reached XP level 2. HP: 24/26 MP: 2/2
   187 | D:1      | Reached skill level 4 in Axes
   468 | D:1      | Reached XP level 3. HP: 31/31 MP: 3/3
   845 | D:2      | Reached skill level 5 in Axes
   993 | D:2      | Found an ancient bone altar of Kikubaaqudgha.
  1082 | D:2      | Found a hazy altar of Hepliaklqana.
  1307 | D:2      | Reached XP level 4. HP: 32/39 MP: 4/4
  1456 | D:3      | Reached skill level 6 in Axes
  1590 | D:3      | Noticed a bullfrog
  1603 | D:3      | Killed a bullfrog
  1603 | D:3      | Reached skill level 7 in Axes
  1603 | D:3      | Reached XP level 5. HP: 15/45 MP: 5/5
  1820 | D:3      | Found a shattered altar of Ashenzari.
  1967 | D:3      | Found a runed translucent door.
  1971 | D:3      | Noticed Alannah's ghost (amateur DsHu)
  2110 | D:4      | Noticed an ogre
  2120 | D:4      | Killed an ogre
  2120 | D:4      | Reached skill level 8 in Axes
  2120 | D:4      | Reached XP level 6. HP: 26/51 MP: 6/6
  2313 | D:4      | HP: 2/51 [something (2)]
  2314 | D:4      | Killed from afar by an orc wizard

Levels and vault maps discovered:
D:1:      co_arrival_random_square_maze, layout_loops_ring
D:2:      minmay_wonky_spiral, layout_loops_cross, lemuel_round_altar,
          marbit_many_paths
D:3:      layout_rooms, evilmike_ruin_ashenzari, ebering_ghost_reflecting_pool,
          first_ration
D:4:      layout_loops_ring, serial_shops, shop, hangedman_feature_mirror,
          serial_bayou_pond_c

Skill      XL: |  1  2  3  4  5 |
---------------+----------------+-----
Axes           | 3 4 5 7 8 |  8.7
Fighting       | |  3.6
Armour         | |  3.2
Shields        | |  3.2

Action                   |  1- 3 |  4- 6 || total
-------------------------+-------+-------++-------
Melee: War axe           |   106 |    64 ||   170
  Eat: Chunk             |     1 |     3 ||     4
Armor: Scale mail        |    33 |    28 ||    61
Dodge: Dodged            |    21 |    15 ||    36
Block: Shield            |    58 |    28 ||    86
